 Dungeon Crawl Stone Soup version 0.28.0-43-g3370ac3207 (webtiles) character file.

Game seed: 1936605640349264314

51686 diana the Spry (level 14, -5/63 HPs)
             Began as a Felid Air Elementalist on Mar 24, 2022.
             Was the Champion of Ashenzari.
             Slain by a four-headed hydra (6 damage)
             ... on level 1 of the Swamp on Mar 25, 2022.
             The game lasted 02:45:00 (53514 turns).

diana the Spry (Felid Air Elementalist)            Turns: 53514, Time: 02:45:01

Health: -5/63      AC:  3    Str:  4    XL:     14   Next: 24%
Magic:  28/35      EV: 44    Int: 31    God:    Ashenzari [******]
Gold:   1719       SH:  0    Dex: 16    Spells: 15/45 levels left
                                        Lives:  0   Deaths: 4

rFire   . . .      SeeInvis +   (weapon unavailable)
rCold   + . .      Faith    .   (shield unavailable)
rNeg    . . .      Spirit   .   (armour unavailable)
rPois   .          Reflect  .   (helmet unavailable)
rElec   .          Harm     .   (cloak unavailable)
rCorr   .          Rampage  .   (gloves unavailable)
Will    +++..      Clarity  +   (boots unavailable)
Stlth   +.........              p - amulet of the Enigmatic Moon {Acrobat, Self, Comp} (curse)
HPRegen 0.20/turn               G - ring "Overhang to Understand" {Will+, Elem, Alch} (curse)
MPRegen 0.24/turn               t - ring of Apeoromancy {Int+6, Elem, Alch} (curse)

@: acrobatic, studying Transmutations, very slow
A: very small, claws 1, fangs 3, see invisible, speed 1, shaggy fur 3, stealthy
paws, no weapons or thrown items, no armour, multi-lived
a: Renounce Religion, Shatter the Chains


You were on level 1 of the Swamp.
You worshipped Ashenzari.
Ashenzari was exalted by your worship.
You visited 6 branches of the dungeon, and saw 26 of its levels.
You also visited: Gauntlet.

You collected 2146 gold pieces.
You spent 427 gold pieces at shops.

Inventory:

Jewellery
 f - a ring of resist corrosion
 p - the cursed amulet of the Enigmatic Moon (around neck) {Acrobat, Self, Comp}
   (You found it on level 3 of the Dungeon)

   [amulet of the acrobat]

   It increases your evasion while moving and waiting.
   It has a curse which improves the following skills: Introspection: Fighting
   and Spellcasting.
   Companions: Summonings and Necromancy.
 s - a ring of protection from cold
 t - the cursed ring of Apeoromancy (right paw) {Int+6, Elem, Alch}
   (You found it on level 6 of the Dungeon)

   [ring of intelligence]

   Int:       It affects your intelligence (+6).
   It has a curse which improves the following skills: Elements: Fire Magic, Ice
   Magic, Air Magic and Earth Magic.
   Alchemy:   Poison Magic and Transmutations.
 u - a ring of poison resistance
 G - the cursed ring "Overhang to Understand" (left paw) {Will+, Elem, Alch}
   (You found it on level 1 of the Lair of Beasts)

   [ring of willpower]

   Will:      It increases your willpower.
   It has a curse which improves the following skills: Elements: Fire Magic, Ice
   Magic, Air Magic and Earth Magic.
   Alchemy:   Poison Magic and Transmutations.
 H - a ring of flight
 J - the ring of Pureny {rPois Will+ rCorr}
   (You found it in a Gauntlet)

   [ring of poison resistance]

   rPois:     It protects you from poison.
   rCorr:     It protects you from acid and corrosion.
   Will:      It increases your willpower.
 N - an amulet of the acrobat
Wands
 o - a wand of mindburst (28)
 y - a wand of flame (14)
 z - a wand of polymorph (8)
 C - a wand of charming (10)
 F - a wand of digging (13)
 K - a wand of paralysis (2)
 L - a wand of acid (15)
 O - a wand of iceblast (6)
Scrolls
 b - a scroll of brand weapon
 c - 6 scrolls of amnesia
 d - 2 scrolls of acquirement
 e - 15 scrolls of identify
 g - 4 scrolls of fog
 h - 5 scrolls of vulnerability
 i - 3 scrolls of enchant armour
 j - 2 scrolls of fear
 k - 15 scrolls of teleportation
 l - 2 scrolls of summoning
 w - a scroll of magic mapping
 x - a scroll of enchant weapon
 B - a scroll of holy word
 D - 2 scrolls of torment
Potions
 m - 4 potions of cancellation
 n - 5 potions of lignification
 q - 4 potions of mutation
 r - 2 potions of might
 v - a potion of attraction
 A - 4 potions of curing
 E - a potion of brilliance
 I - a potion of ambrosia
 M - a potion of haste
 P - 2 potions of resistance


   Skills:
 + Level 5.8(8.4) Fighting
 - Level 17.0 Dodging
 - Level 3.0 Stealth
 * Level 13.8(16.4) Spellcasting
 - Level 10.0 Conjurations
 - Level 6.1(10.0) Transmutations
 - Level 16.2(20.0) Air Magic


You had 15 spell levels left.
You knew the following spells:

 Your Spells              Type           Power      Damage    Failure   Level
a - Shock                 Conj/Air       100%       1d9       0%          1
b - Static Discharge      Conj/Air       87%        N/A       0%          2
c - Airstrike             Air            49%        N/A       0%          4
d - Lightning Bolt        Conj/Air       43%        1d63      1%          5
e - Swiftness             Air            99%        N/A       0%          3
f - Maxwell's Capacitive  Air            49%        ∞         3%          8
g - Frozen Ramparts       Ice            56%        1d7       4%          3
h - Summon Lightning Spi  Summ/Air       73%        N/A       1%          4

Your spell library contained the following spells:

 Spells                   Type           Power      Damage    Failure   Level
 Animate Skeleton         Necr           54%        N/A       1%          1
 Apportation              Tloc           50%        N/A       1%          1
 Freeze                   Ice            100%       1d11      1%          1
 Summon Small Mammal      Summ           100%       N/A       1%          1
 Hailstorm                Conj/Ice       55%        3d12      1%          4
 Petrify                  Tmut/Erth      55%        N/A       1%          4
 Tukima's Dance           Hex            25%        N/A       4%          3
 Yara's Violent Unravell  Hex/Tmut       27%        3d12      6%          5
 Passage of Golubria      Tloc           25%        N/A       17%         4
 Eringya's Noxious Bog    Tmut/Pois      27%        N/A       30%         6
 Chain Lightning          Conj/Air       43%        3d58      98%         9
 Fire Storm               Conj/Fire      27%        8d7       100%        9
 Shatter                  Erth           14%        3d14*     100%        9


Dungeon Overview and Level Annotations

Branches:
Dungeon (14/15)            Temple (1/1) D:4            Lair (6/6) D:9
  Swamp (2/4) Lair:2       Spider (1/4) Lair:3        Slime (0/5) Lair:6
    Orc (2/2) D:11            Elf (0/3) Orc:2        Vaults (0/5) D:13
Gauntlet (visited)

Altars:
Ashenzari
Cheibriados
Dithmenos
Elyvilon
Fedhas
Gozag
Hepliaklqana
Kikubaaqudgha
Makhleb
Nemelex Xobeh
Okawaru
Qazlal
Ru
Sif Muna
Trog
Uskayaw
Vehumet
Wu Jian
Xom
Yredelemnul
Zin
The Shining One
Beogh

Shops:
D:4 [   D:11 (   D:13 :   Orc:2 [*[?:

Portals:
Pandemonium: Orc:2


Innate Abilities, Weirdness & Mutations

You have sharp claws.
You have razor-sharp teeth.
You have supernaturally acute eyesight. (SInv)
You cover ground quickly. (Speed+)
Your thick and shaggy fur keeps you warm. (AC +3, rC+)
Your paws help you pounce on unaware monsters.
You are incapable of wielding weapons or throwing items.
You cannot wear armour.
You gain extra lives every three experience levels.


Message History

Unknown command.
You enter the shallow water.
Moving in this stuff is going to be slow.
Your lightning spire shoots out a bolt of lightning at the four-headed hydra!
The bolt of electricity hits the four-headed hydra! x2
The four-headed hydra completely misses you. x4
Your lightning spire shoots out a bolt of lightning at the four-headed hydra!
The bolt of electricity hits the four-headed hydra!
Your lightning spire shoots out a bolt of lightning at the four-headed hydra!
The bolt of electricity hits the four-headed hydra!
Your lightning spire shoots out a bolt of lightning at the four-headed hydra!
The bolt of electricity hits the four-headed hydra!!
Casting: Summon Lightning Spire (safe; 1% risk of failure)
Confirm with . or Enter, or press ? or * to list all spells.
Aiming: Lightning Bolt (safe; 1% risk of failure)
Press: ? - help, Shift-Dir - straight line, f - four-headed hydra
Aim: a four-headed hydra (lightly wounded, 89% to hit)
You hear a mighty clap of thunder!
The bolt of lightning hits the four-headed hydra!!!
The four-headed hydra is severely wounded.
The mangrove smoulders and burns.
The four-headed hydra bites your lightning spire but does no damage.
The four-headed hydra bites your lightning spire.
The four-headed hydra bites your lightning spire! x2
The four-headed hydra completely misses you.
The four-headed hydra closely misses you.
The four-headed hydra bites you.
The four-headed hydra barely misses you.
Your lightning spire shoots out a bolt of lightning at the four-headed hydra!
The bolt of electricity hits the four-headed hydra!!
The four-headed hydra dies!
You enter the shallow water.
Moving in this stuff is going to be slow.
The four-headed hydra completely misses you.
The four-headed hydra bites you!
* * * LOW HITPOINT WARNING * * *
The four-headed hydra bites you!
* * * LOW HITPOINT WARNING * * *
The four-headed hydra bites you.
You die...

♣♣♣♣♣♣♣♣♣♣♣≈≈.≈♣≈≈≈≈≈♣♣≈≈♣.♣≈♣.
♣♣♣.♣♣♣♣♣♣♣≈§.♣≈≈≈≈≈≈≈...§≈≈♣§.
♣♣♣.♣♣♣♣♣♣♣≈≈.≈≈≈≈≈≈≈♣≈>≈≈.♣.≈≈
♣♣♣..♣♣♣♣♣♣.≈..≈♣≈≈≈♣..≈♣♣.♣♣..
♣♣♣♣.♣♣♣♣♣.≈≈.≈..♣≈...♣).≈[♣...
♣♣♣♣§.♣♣♣♣♣.≈.≈♣≈≈≈..♣♣♣.≈.....
♣♣♣.≈.♣♣♣♣♣.≈≈♣≈.≈.[.♣♣♣≈♣♣....
♣♣♣♣.≈≈♣♣♣♣..≈.≈≈≈.>♣♣♣♣≈.♣..##
♣♣♣♣♣♣.♣♣♣♣.≈≈@.≈≈≈.♣♣♣♣♣...##.
♣♣♣♣.≈≈.≈≈≈≈≈.D♣≈†8♣♣♣♣♣..##..
♣♣♣♣♣.♣♣♣♣♣§≈♣...≈.○♣♣....#...
♣♣♣♣♣.♣♣♣♣♣♣♣.♣♣..≈≈♣.♣......#
♣♣♣♣♣♣♣♣♣♣♣♣♣♣♣♣♣≈♣♣♣........
♣♣♣♣♣♣♣♣♣♣♣♣♣♣♣♣♣♣♣≈.≈^[#...
♣♣♣♣♣♣♣♣♣♣♣♣..≈..##.
♣♣♣♣♣♣♣♣≈...♣..#' ♣♣≈≈♣♣♣...


You could see a four-headed hydra and a friendly lightning spire (summoned).

Vanquished Creatures
  Jorgrun (Swamp:1)
  Gastronok (Lair:2)
  A broodmother (Lair:3)
  An eleionoma (Swamp:1)
  Azrael (D:13)
  A dire elephant (Lair:6)
  A minotaur (Gauntlet)
  11 hydras
  Fannar (D:10)
  Harold (D:10)
  A boulder beetle (Lair:2)
  2 demonspawn (Orc:2)
  An ogre mage (Orc:2)
  2 catoblepae
  A death knight (D:13)
  2 two-headed ogres
  Erica (D:11)
  12 death yaks
  A deep troll shaman (Lair:6)
  A tengu warrior (Gauntlet)
  7 orc high priests
  Nergalle (D:10)
  2 sun demons
  2 goliath frogs (Swamp:1)
  2 spriggan druids (Swamp:1)
  A deep troll (Orc:2)
  A pharaoh ant (Lair:3)
  3 bog bodies
  Pikel (D:4)
  2 wizards (Gauntlet)
  A swamp dragon (Swamp:1)
  3 deep elf pyromancers
  6 orc knights (Orc:2)
  2 ugly things
  4 oklob plants
  9 orc sorcerers (Orc:2)
  A will-o-the-wisp (Lair:2)
  2 cyclopes
  3 manticores
  A wolf spider (Lair:3)
  7 black mambas
  Maurice (D:8)
  12 elephants
  A torpor snail (Lair:4)
  15 cane toads
  A gargoyle (D:11)
  A kobold demonologist (D:12)
  A rime drake (Lair:5)
  An efreet (D:12)
  2 tengu conjurers (Gauntlet)
  8 komodo dragons
  An unseen horror (shapeshifter) (D:13)
  2 freezing wraiths (D:13)
  6 trolls
  A meliai (D:14)
  4 polar bears
  A tyrant leech (Lair:1)
  A bloated husk (Swamp:1)
  A hornet (shapeshifter) (D:13)
  2 hornets (Swamp:1)
  A tarantella (Lair:3)
  12 blink frogs
  7 dream sheep (Lair:6)
  2 culicivoras (Spider:1)
  3 shadows
  7 wraiths
  5 wyverns
  3 spriggans (Swamp:1)
  3 fire elementals (D:13)
  5 basilisks
  63 yaks
  Grum (D:10)
  A neqoxec (Gauntlet)
  2 humans (D:10)
  3 chaos spawn
  Eustachio (D:4)
  2 wargs
  A death yak simulacrum (D:13)
  3 redbacks (Lair:3)
  2 swamp worms
  2 vampire mosquitoes (D:13)
  A two-headed ogre zombie (D:11)
  4 acid dragons
  14 water moccasins
  Edmund (D:5)
  4 hell hounds (D:13)
  2 hornet zombies
  A sky beast (D:7)
  3 black bears
  29 orc warriors
  3 boggarts
  9 centaurs
  8 ogres
  30 wolves
  4 lemures
  3 phantoms
  2 kobold brigands (D:9)
  13 bullfrogs
  4 scorpions
  A two-headed ogre simulacrum (D:13)
  A water moccasin skeleton (D:5)
  3 electric eels
  4 howler monkeys
  A bullfrog zombie (D:5)
  A centaur zombie (D:9)
  2 centaur skeletons
  8 hounds
  2 jellies (D:6)
  17 orc priests
  2 iguanas
  18 orc wizards
  A spriggan simulacrum (D:13)
  A wolf simulacrum (D:13)
  A killer bee zombie (D:5)
  7 ogre zombies (D:11)
  A hound skeleton (D:5)
  2 howler monkey zombies
  8 gnolls
  A howler monkey skeleton (D:7)
  6 adders
  A naga simulacrum (D:13)
  3 shadow imps
  2 white imps (Gauntlet)
  An adder skeleton (D:4)
  4 worms
  4 dart slugs
  69 orcs
  4 bats
  8 endoplasms
  6 goblins
  5 hobgoblins
  5 quokkas
  6 ball pythons
  5 frilled lizards
  2 goblin skeletons (D:11)
  A goblin zombie (D:11)
  3 hobgoblin zombies (D:11)
  13 kobolds
  An orc skeleton (D:11)
  18 orc zombies (D:11)
  7 rats
  A spectral orc (D:8)
688 creatures vanquished.

Vanquished Creatures (collateral kills)
  A hydra (Swamp:1)
  A tyrant leech (Swamp:1)
  2 spriggans (Swamp:1)
  A redback (Lair:2)
  A vampire mosquito (Swamp:2)
  A swamp drake (Swamp:1)
7 creatures vanquished.

Vanquished Creatures (others)
  3 two-headed ogre simulacra (D:13)
  An orc (Orc:2)
  50 fungi
  86 plants
140 creatures vanquished.

Grand Total: 835 creatures vanquished

Notes
Turn   | Place    | Note
-------+----------+-------------------------------------------
     0 | D:1      | diana the Felid Air Elementalist began the quest for the
                  | Orb.
     0 | D:1      | Reached XP level 1. HP: 7/7 MP: 4/4
   274 | D:1      | Reached skill level 1 in Conjurations
   274 | D:1      | Reached XP level 2. HP: 11/11 MP: 0/6
  1138 | D:1      | Reached skill level 3 in Dodging
  1138 | D:1      | Reached XP level 3. HP: 14/14 MP: 4/7
  2374 | D:2      | Reached XP level 4. HP: 18/18 MP: 2/8
  3159 | D:3      | Learned a level 2 spell: Static Discharge
  4077 | D:4      | Reached XP level 5. HP: 21/21 MP: 1/9
  4405 | D:4      | Noticed a phantom
  4935 | D:4      | Killed a phantom
  4936 | D:4      | Gained mutation: You are covered in thick fur. (AC +2)
                  | [Felid growth]
  4936 | D:4      | Reached XP level 6. HP: 22/24 MP: 3/13
  5052 | D:4      | Found a staircase to the Ecumenical Temple.
  5086 | Temple   | Entered the Ecumenical Temple
  5559 | D:4      | Reached XP level 7. HP: 27/27 MP: 10/15
  5685 | D:4      | Found Loyhal's Antique Armour Boutique.
  5808 | D:4      | Noticed Pikel
  6597 | D:4      | Killed Pikel
  6598 | D:4      | Reached skill level 5 in Air Magic
  6793 | D:5      | Entered Level 5 of the Dungeon
  6805 | D:5      | Reached XP level 8. HP: 31/31 MP: 16/19
  6872 | D:5      | Noticed Eustachio
  6882 | D:4      | Killed Eustachio
  7271 | D:5      | Reached skill level 1 in Fighting
  7658 | D:5      | Noticed Edmund
  7886 | D:5      | Reached skill level 4 in Dodging
  8468 | D:5      | Killed Edmund
  8903 | D:6      | Identified the +6 falchion "Doisas" {flame, Dex+4}
  8937 | D:6      | Shot with an arrow by a centaur
  8938 | D:6      | Reached XP level 7. HP: -2/31 MP: 19/19
  9024 | D:6      | Reached skill level 5 in Dodging
  9080 | D:6      | Reached XP level 8. HP: 34/34 MP: 15/20
  9191 | D:6      | Learned a level 4 spell: Airstrike
  9519 | D:6      | Reached skill level 6 in Dodging
  9711 | D:6      | Found a white marble altar of Elyvilon.
  9801 | D:6      | Found an opulent altar of Gozag.
 10240 | D:7      | Reached skill level 7 in Dodging
 10767 | D:7      | Reached XP level 9. HP: 28/37 MP: 17/22
 10937 | D:7      | Found a burning altar of Makhleb.
 11047 | D:7      | Found a shadowy altar of Dithmenos.
 11095 | D:7      | Reached skill level 8 in Dodging
 11262 | D:8      | Identified the +10 quarterstaff of Earthquakes {venom,
                  | Will+}
 11298 | D:8      | Noticed Maurice
 11457 | D:8      | Killed Maurice
 11458 | D:8      | Reached skill level 9 in Dodging
 11537 | D:8      | Identified the +8 long sword of Winter {protect, Str+2}
 12023 | D:8      | Found a basalt altar of Yredelemnul.
 12592 | D:9      | Reached XP level 10. HP: 10/42 MP: 6/23
 12606 | D:9      | Reached skill level 10 in Dodging
 12830 | D:9      | Found a broken altar of Ashenzari.
 13096 | D:9      | Found a staircase to the Lair.
 13122 | D:9      | Became a worshipper of Ashenzari the Shackled
 13847 | D:9      | Found a bloodstained altar of Trog.
 13859 | D:9      | Found a shimmering blue altar of Sif Muna.
 13969 | D:9      | Found a snail-covered altar of Cheibriados.
 14140 | D:10     | Entered Level 10 of the Dungeon
 14160 | D:10     | Found an iron altar of Okawaru.
 14305 | D:10     | Reached skill level 11 in Dodging
 14465 | D:10     | Noticed Harold
 14770 | D:10     | Killed Harold
 15108 | D:10     | Learned a level 5 spell: Lightning Bolt
 15643 | D:10     | Noticed Fannar
 15649 | D:10     | Killed Fannar
 15650 | D:10     | Reached XP level 11. HP: 45/45 MP: 1/25
 15917 | D:10     | Noticed Grum
 15924 | D:10     | Killed Grum
 16219 | D:10     | Reached skill level 12 in Dodging
 16373 | D:10     | Found a blossoming altar of Fedhas.
 16545 | D:11     | Noticed Nergalle
 16613 | D:10     | Killed Nergalle
 16781 | D:11     | Reached skill level 10 in Spellcasting
 16781 | D:11     | Reached skill level 10 in Air Magic
 16990 | D:11     | Noticed a two-headed ogre
 17197 | D:11     | Noticed Erica
 17201 | D:11     | Killed Erica
 17650 | D:11     | Found Vucizut's Weapon Emporium.
 17761 | D:11     | Killed a two-headed ogre
 17762 | D:11     | Reached skill level 13 in Dodging
 17762 | D:11     | Reached skill level 5 in Conjurations
 18579 | D:10     | Reached * piety under Ashenzari
 18579 | D:10     | Identified 2 scrolls of acquirement
 18579 | D:10     | Reached ** piety under Ashenzari
 19023 | D:11     | Found a staircase to the Orcish Mines.
 19026 | D:11     | Reached *** piety under Ashenzari
 19026 | D:11     | Reached **** piety under Ashenzari
 19487 | D:11     | Reached skill level 14 in Dodging
 19784 | D:12     | Noticed a brown ugly thing
 19784 | D:12     | Noticed an eight-headed hydra
 20083 | D:12     | Noticed a two-headed ogre
 20093 | D:12     | Killed a two-headed ogre
 20426 | D:12     | Reached skill level 15 in Dodging
 20550 | D:12     | Gained mutation: Your thick and shaggy fur keeps you warm.
                  | (AC +3, rC+) [Felid growth]
 20550 | D:12     | Reached XP level 12. HP: 50/50 MP: 5/28
 20916 | D:12     | Killed an eight-headed hydra
 20917 | D:12     | Reached skill level 16 in Dodging
 21703 | Lair:1   | Entered Level 1 of the Lair of Beasts
 22227 | Lair:1   | Reached skill level 17 in Dodging
 22843 | Lair:1   | Identified the +9 quarterstaff of Quantum Leap {spect,
                  | MP+9}
 23194 | Lair:1   | Identified the +1 pair of gloves of Follow the Leader
                  | {*Slow rC+ Int+4}
 23336 | Lair:1   | Found a stormy altar of Qazlal.
 23930 | Lair:2   | Noticed a boulder beetle
 23965 | Lair:2   | Noticed Gastronok
 24124 | Lair:2   | Reached ***** piety under Ashenzari
 24124 | Lair:2   | Reached ****** piety under Ashenzari
 24221 | Lair:2   | Learned a level 3 spell: Swiftness
 25545 | Lair:2   | Reached skill level 5 in Fighting
 26559 | Lair:2   | Killed Gastronok
 26890 | Lair:2   | Found a staircase to the Swamp.
 27036 | Lair:2   | Killed a boulder beetle
 27037 | Lair:2   | Reached XP level 13. HP: 57/57 MP: 10/30
 28113 | Lair:3   | Found a hole to the Spider Nest.
 30069 | D:13     | Found a gate leading to a gauntlet.
 30078 | D:13     | Identified the +8 rapier of Wouqet {antimagic, Will- Str+4
                  | Dex+4}
 30080 | Gauntlet | Entered a Gauntlet
 30080 | Gauntlet | Found a transporter.
 30080 | Gauntlet | Found a large runed translucent door.
 30080 | Gauntlet | Found a large runed translucent door.
 30080 | Gauntlet | Found a large runed translucent door.
 30080 | Gauntlet | Found a large runed translucent door.
 30080 | Gauntlet | Found a runed translucent door.
 30080 | Gauntlet | Found a runed translucent door.
 30080 | Gauntlet | Found a large runed translucent door.
 30080 | Gauntlet | Found a large runed translucent door.
 30080 | Gauntlet | Found a large runed translucent door.
 30080 | Gauntlet | Found a large runed translucent door.
 30080 | Gauntlet | Found a large runed translucent door.
 30080 | Gauntlet | Found a large runed translucent door.
 30212 | Gauntlet | Found a large runed translucent door.
 30212 | Gauntlet | Found a large runed translucent door.
 30217 | Gauntlet | Found a large runed translucent door.
 30217 | Gauntlet | Found a large runed translucent door.
 30218 | Gauntlet | Found a runed translucent gate.
 30218 | Gauntlet | Found a runed translucent gate.
 30218 | Gauntlet | Found a runed translucent gate.
 30220 | Gauntlet | Found a transporter.
 30222 | Gauntlet | Found a transporter.
 30235 | Gauntlet | Found a transporter.
 30244 | Gauntlet | Found a transporter.
 30249 | Gauntlet | Found a transporter.
 30264 | Gauntlet | Found a transporter.
 30283 | Gauntlet | Found a transporter.
 30295 | Gauntlet | Found a transporter.
 30301 | Gauntlet | Found a transporter.
 30315 | Gauntlet | Identified the +0 pair of boots of Card Tricks {rF+ Str+4
                  | Dex+5}
 30316 | Gauntlet | Found a transporter.
 30318 | Gauntlet | Identified the ring of Pureny {rPois Will+ rCorr}
 30328 | Gauntlet | Found a transporter.
 30334 | Gauntlet | Found a transporter.
 30334 | Gauntlet | Found a transporter.
 30349 | Gauntlet | Found a transporter.
 30351 | Gauntlet | Identified the ring of Baregahi {Ice rElec rN+}
 30368 | Gauntlet | Found a transporter.
 30385 | Gauntlet | Found a transporter.
 30403 | Gauntlet | Found a large runed translucent door.
 30404 | Gauntlet | Found a large runed translucent door.
 30412 | Gauntlet | Found a transporter.
 31176 | Gauntlet | Identified the +1 plate armour of Eternity {rC+ Dex-2 SInv}
 31176 | Gauntlet | Noticed a minotaur
 31184 | Gauntlet | Identified the Papyrus of Changing
 31188 | Gauntlet | Killed a minotaur
 31226 | D:13     | Found a gate to the Vaults.
 31365 | D:13     | Found Wustyu's Book Emporium.
 31379 | D:13     | Noticed Azrael
 31382 | D:13     | Killed from afar by Azrael
 31383 | D:13     | Reached XP level 12. HP: -10/55 MP: 7/31
 31434 | D:13     | Killed from afar by Azrael
 31435 | D:13     | Reached XP level 11. HP: -8/51 MP: 22/30
 31777 | Lair:4   | Noticed a death yak
 31778 | Lair:4   | Noticed a death yak
 31817 | Lair:3   | Killed a death yak
 32078 | Lair:4   | Noticed a five-headed hydra
 32083 | Lair:4   | Killed a five-headed hydra
 32312 | Lair:4   | Killed a death yak
 32329 | Lair:4   | Reached XP level 12. HP: 55/55 MP: 1/31
 33530 | Lair:5   | Noticed an eight-headed hydra
 33720 | Lair:5   | Killed an eight-headed hydra
 33934 | Lair:5   | Noticed a seven-headed hydra
 33947 | Lair:5   | Killed a seven-headed hydra
 35137 | Lair:6   | Entered Level 6 of the Lair of Beasts
 35886 | Lair:6   | Noticed an eight-headed hydra
 35889 | Lair:6   | Killed an eight-headed hydra
 36421 | Lair:6   | Reached skill level 10 in Conjurations
 36727 | Lair:6   | Noticed a death yak
 36887 | Lair:6   | Reached XP level 13. HP: 53/58 MP: 23/33
 38771 | Lair:6   | Found a staircase to the Slime Pits.
 39673 | Lair:6   | Noticed a dire elephant
 40713 | Lair:6   | Killed a dire elephant
 40957 | Lair:6   | Identified the +2 falchion of Melee {freeze, Will+}
 41213 | Orc:1    | Entered Level 1 of the Orcish Mines
 41370 | D:11     | Learned a level 8 spell: Maxwell's Capacitive Coupling
 41477 | Orc:1    | Reached XP level 14. HP: 50/63 MP: 0/34
 41878 | Orc:2    | Entered Level 2 of the Orcish Mines
 42209 | Orc:2    | Found a staircase to the Elven Halls.
 42630 | Orc:2    | Found Enez Zuc's Armour Boutique.
 43330 | Orc:1    | Reached skill level 15 in Air Magic
 44539 | Orc:2    | Found Suaniq's Magic Scroll Boutique.
 44691 | Orc:2    | Found Coanish's General Store.
 45240 | Orc:2    | Found Ustrom's Book Emporium.
 45390 | Orc:2    | Bought a scroll of teleportation for 45 gold pieces
 45390 | Orc:2    | Bought a scroll of fear for 52 gold pieces
 45392 | Orc:2    | Bought Great Wizards, Vol. VII for 330 gold pieces
 45423 | Orc:2    | Found a one-way gate leading to the halls of Pandemonium.
 45897 | Orc:2    | Found Wudaak's Antique Armour Shoppe.
 46209 | Orc:2    | Learned a level 3 spell: Frozen Ramparts
 46655 | D:13     | Reached skill level 1 in Transmutations
 47649 | D:13     | Killed Azrael
 48949 | Spider:1 | Entered Level 1 of the Spider Nest
 49145 | Swamp:1  | Entered Level 1 of the Swamp
 49585 | Lair:2   | Reached skill level 5 in Transmutations
 50156 | Swamp:1  | Learned a level 4 spell: Summon Lightning Spire
 50237 | Swamp:1  | Reached XP level 15. HP: 66/66 MP: 19/35
 50459 | Swamp:1  | Noticed Jorgrun
 50702 | Swamp:1  | Killed Jorgrun
 51208 | Swamp:2  | Noticed a tentacled monstrosity
 51210 | Swamp:2  | Mangled by a tentacled monstrosity
 51211 | Swamp:2  | Reached XP level 14. HP: -8/63 MP: 35/35
 51563 | Spider:1 | Noticed a broodmother
 52088 | Lair:3   | Killed a broodmother
 52296 | Lair:3   | HP: 1/63 [wolf spider (15)]
 53514 | Swamp:1  | HP: 1/63 [four-headed hydra (12)]
 53514 | Swamp:1  | Slain by a four-headed hydra

Illustrated notes

Levels and vault maps discovered:
D:1:      ncdulo_halloftheorcs, layout_basic, minmay_hexomino_p4
D:2:      layout_loops_ring, eino_curves_04
D:3:      layout_loops_ring, palyth_stone_intersect,
          hangedman_decor_diamond_cutter, chequers_avenue
D:4:      cheibrodos_helix_gallery, layout_cave_pools,
          minmay_temple_entry_proselytizer, serial_shops, kennysheep_mini,
          hangedman_decor_peaks_small, uniq_pikel
D:5:      layout_rooms, grunt_ministairs_15, uniq_edmund, uniq_eustachio
D:6:      layout_loops_cross, lemuel_coloured_pillars_altar, elyvilon_altar_3
D:7:      layout_rooms, makhleb_heckhound_becter, kennysheep_mini_moat
D:8:      layout_rooms, yredelemnul_forgotten_temple_becter, uniq_maurice
D:9:      layout_gridville, mainiacjoe_overflow_paths, kennysheep_little_box,
          nicolae_ashenzari_skybound, marbit_many_paths, erik_lair_island
D:10:     layout_grid_maze, okawaru_humans, fedhas_altar_2,
          grunt_decor_arrowhead, uniq_grum, uniq_fannar, uniq_harold
D:11:     layout_basic, zombieorc2_lemuel, serial_shops,
          nicolae_shop_bloodbath_and_beyond, uniq_erica, uniq_nergalle
D:12:     layout_rooms
D:13:     layout_small_grid, david_vaults_2,
          portal_ice_cave_entry_ice_simulacra, serial_shops, nicolae_shop_stone,
          gauntlet_entry_generic, minivault_27, uniq_azrael
D:14:     minmay_twisted_water, layout_cross
Temple:   minmay_temple_curvy_loop
Lair:1:   layout_chaotic_city, minivault_19, lemuel_oklob_altar,
          grunt_megastairs_1, serial_bayou_shore_b
Lair:2:   layout_cave_pods, minmay_swamp_entry_worms, uniq_gastronok
Lair:3:   wander_river, layout_concentric_octagons, dummy_spider_entry
Lair:4:   layout_gridlike
Lair:5:   layout_cave_pods, dpeg_oklob_1, serial_bayou_shore_a
Lair:6:   grunt_lair_end_beastmaster, layout_cave_pods, slime_dummy
Swamp:1:  layout_falls_marsh, evilmike_swamp_ruin_house_3, swamp_pool1,
          uniq_jorgrun
Swamp:2:  cheibrodos_swamp_heart_of_darkness, layout_falls_marsh,
          nicolae_swamp_stair_fork
Spider:1: layout_spider_delve
Orc:1:    layout_caves, basic_altar
Orc:2:    pf_orc_diabolical, layout_diamond_mine, guppyfry_orc_lava_fort

Skill      XL: |  1  2  3  4  5  6  7  8  9 10 11 12 13 14 15 |
---------------+----------------------------------------------+-----
Air Magic      | 3 4 5 7 8 9 10 14 16 | 16.2
Conjurations   | 1 2 3 5 10 8 | 10.0
Dodging        | 3 5 7 9 11 15 17 | 17.0
Stealth        | 3 |  3.0
Spellcasting   | 4 6 8 9 12 11 13 | 13.8
Fighting       | 3 5 |  5.8
Transmutations | 5 6 |  6.1

Action                   |  1- 3 |  4- 6 |  7- 9 | 10-12 | 13-15 || total
-------------------------+-------+-------+-------+-------+-------++-------
Melee: Unarmed           |     3 |       |     3 |    23 |     8 ||    37
       Bite              |     1 |       |       |     5 |     1 ||     7
 Cast: Shock             |    94 |   121 |   322 |   122 |   104 ||   763
       Static Discharge  |       |     9 |    54 |    44 |    72 ||   179
       Airstrike         |       |       |    31 |   477 |   357 ||   865
       Lightning Bolt    |       |       |       |    64 |   196 ||   260
       Swiftness         |       |       |       |       |     1 ||     1
       Summon Lightning  |       |       |       |       |    13 ||    13
       Maxwell's Capacit |       |       |       |       |     8 ||     8
       Frozen Ramparts   |       |       |       |       |     1 ||     1
Invok: Curse Item        |       |       |       |     3 |     1 ||     4
       Shatter the Chain |       |       |       |     1 |       ||     1
Evoke: Wand              |       |       |       |     1 |       ||     1
  Use: Potion            |       |     4 |     1 |     1 |     7 ||    13
       Scroll            |       |       |       |       |     6 ||     6
 Stab: Sleeping          |       |       |     2 |     1 |       ||     3
Armor: Skin              |     1 |     1 |    12 |     4 |    10 ||    28
Dodge: Dodged            |    20 |    47 |   101 |   192 |   370 ||   730
